[Event "Early-Titled-Tuesday-Blitz-March-26-2024"]
[Site "Chess.com"]
[Date "2024.03.26"]
[Round "4"]
[White "WilsonPalencia21"]
[Black "Incognizance"]
[Result "1-0"]
[WhiteElo "2584"]
[BlackElo "1910"]
[TimeControl "180+1"]
[EndTime "8:38:00 PDT"]
[Termination "WilsonPalencia21 won by checkmate"]

1. d4 Nf6 2. Nf3 d5 3. c4 e6 4. Nc3 Be7 5. Bg5 O-O 6. e3 c6 7.
Qc2 h6 8. h4 Nbd7 9. O-O-O dxc4 10. Bxc4 b5 11. Bd3 Bb7 12. Bxf6 Nxf6 13. Ne4 Nxe4 14.
Bxe4 Qb6 15. Ne5 Rfd8 16. Kb1 Bf6 17. Nd3 Be7 18. Rc1 Rac8 19. g4 a5 20. Nc5 Bxc5 21. Qxc5 Qxc5 22. Rxc5 Rd6 23. Rhc1 f5 24. gxf5 exf5 25.
Rxf5 Re6 26. Bh1 Rf8 27. Rxf8+ Kxf8 28. Rc5 Rf6 29. f4 Kf7 30. Kc2 Re6 31. Kd2 Kf6 32. e4 Rd6 33. Ke3 Kf7 34. e5 Rg6 35. Bf3 Rg1 36.
Bxc6 Rg3+ 37. Kf2 Rg4 38. Bxb7 Rxf4+ 39. Ke3 Rxh4 40. Bf3 Rh2 41. d5 Rxb2 42. Rc7+ Ke8 43. d6 Rxa2 44. e6 Ra3+ 45. Kd4 Rxf3 46. Rc8# 1-0

[Event "Early-Titled-Tuesday-Blitz-March-26-2024"]
[Site "Chess.com"]
[Date "2024.03.26"]
[Round "4"]
[White "ilya2700"]
[Black "YegoryoCh"]
[Result "0-1"]
[WhiteElo "2333"]
[BlackElo "2501"]
[TimeControl "180+1"]
[EndTime "8:38:01 PDT"]
[Termination "YegoryoCh won on time"]

1. d4 d5 2. c4 e6 3. Nc3 c6 4. e3 Nf6 5. Nf3 Nbd7 6. Bd3 dxc4 7. Bxc4 b5 8. Bd3 a6 9. a4 b4 10. Ne4 Bb7 11. Qc2 c5 12. O-O Rc8 13.
dxc5 Nxc5 14. Nxc5 Bxc5 15. Qe2 O-O 16. Bxa6 Bxa6 17. Qxa6 Ne4 18. Qc4 Nxf2 19. Rxf2 Bxe3 20. Qf1 Ba7 21. Kh1 Bxf2 22. Qxf2 Qd1+ 23. Qg1 Qb3 24. a5 Rfd8 25. Be3 Qxb2 26. a6 b3 27. a7 Qc3 28. Bb6 b2 29. Rb1 Re8 30. Bd4 Qa3 31. Rxb2 e5 32. Bxe5 Rxe5 33. Rb8 Ree8 34. Rxc8 Rxc8 35.
Qb6 Ra8 36. h3 Qxa7 37. Qb3 Qe7 38. Kh2 Re8 39. Qd3 Qc7+ 0-1

[Event "Early-Titled-Tuesday-Blitz-March-26-2024"]
[Site "Chess.com"]
[Date "2024.03.26"]
[Round "4"]
[White "Let_it_be_1"]
[Black "Sina_Movahed"]
[Result "0-1"]
[WhiteElo "2667"]
[BlackElo "3079"]
[TimeControl "180+1"]
[EndTime "8:38:04 PDT"]
[Termination "Sina_Movahed won by resignation"]

1. e4 c5 2. Nf3 d6 3. d4 cxd4 4. Nxd4 Nf6 5. Nc3 g6 6. Be3 a6 7. f3 h5 8. Qd2 Nbd7 9. a4 Bg7 10.
Bc4 h4 11. O-O h3 12. g3 O-O 13. a5 Ne5 14. Bb3 Bd7 15. Kh1 Rc8 16. Qe2 Rc5 17. f4 Neg4 18. f5 Nxe3 19. Qxe3 Kh7 20. Qg5 Bh6 21. Qh4 Kg7 22. Qxh3 Rh8 23. Qg2 Be3 24. Rad1 Bxd4 25. Rxd4 Re5 26. Qf3 gxf5 27. Nd5 Bc6 28. Qf4 fxe4 29. Nxf6 exf6 30. Qe3 Qd7 31. Rf2 Qh3 32.
Rxd6 Rf5 33. Rdd2 Rf3 34. Rxf3 exf3 35. Rf2 Qxh2+ 36. Rxh2 f2+ 0-1

[Event "Early-Titled-Tuesday-Blitz-March-26-2024"]
[Site "Chess.com"]
[Date "2024.03.26"]
[Round "4"]
[White "Susal_De_Silva"]
[Black "hakanazeri2"]
[Result "0-1"]
[WhiteElo "2748"]
[BlackElo "2572"]
[TimeControl "180+1"]
[EndTime "8:38:04 PDT"]
[Termination "hakanazeri2 won by resignation"]

1. Nf3 d5 2. e3 Nf6 3. c4 e6 4. b3 Bd6 5. Bb2 c6 6. Nc3 Nbd7 7. Qc2 Qc7 8. Be2 a6 9. d4 b5 10. O-O O-O 11. c5 Be7 12. b4 a5 13.
a3 Re8 14. e4 dxe4 15. Nxe4 Nxe4 16. Qxe4 Nf6 17. Qc2 Nd5 18. bxa5 Rxa5 19. Ne5 Bf6 20. Rfd1 Ba6 21. Rd3 Bxe5 22. dxe5 b4 23. Rh3 Bxe2 24.
Qxe2 Nf4 25. Qg4 Nxh3+ 26. Qxh3 bxa3 27. Rxa3 Rxa3 28. Qxa3 Qd7 29. h3 h6 30. Kh2 Qd2 31.
f3 Rb8 32. Bc1 Qd4 33. Qe3 Qxe3 34. Bxe3 Rb3 35. Bf2 Rb2 36. Kg3 Re2 37. f4 f6 38.
Kf3 Rc2 39. exf6 gxf6 40. g4 Kf7 41. Be3 Rc4 42. h4 f5 43. g5 hxg5 44. hxg5 Kg6 45. Ke2 e5 46. fxe5 f4 47. Bf2 Re4+ 48. Kf3 Rxe5 49. Kxf4 Rf5+ 50. Ke3 Rxc5 0-1

[Event "Early-Titled-Tuesday-Blitz-March-26-2024"]
[Site "Chess.com"]
[Date "2024.03.26"]
[Round "4"]
[White "GaiozNigalidze"]
[Black "theoneandonlydaaevik"]
[Result "1-0"]
[WhiteElo "2730"]
[BlackElo "2541"]
[TimeControl "180+1"]
[EndTime "8:38:04 PDT"]
[Termination "GaiozNigalidze won on time"]

1. d4 Nf6 2. c4 e6 3. Nf3 d5 4. cxd5 exd5 5. Nc3 Be7 6. Bg5 O-O 7. Qc2 c6 8. e3 Re8 9. Bd3 h6 10. Bh4 Ne4 11.
Bxe7 Qxe7 12. Bxe4 dxe4 13. Nd2 Bf5 14. O-O Qe6 15.
Qb3 Nd7 16. Qxb7 Reb8 17. Qc7 Rxb2 18. Nb3 h5 19. Na5 Rb6 20. Na4 Rb4 21. Nc3 Rb6 22.
Rab1 Rab8 23. Rxb6 Rxb6 24. Qxa7 h4 25. Qa8+ Kh7 26.
Qd8 f6 27. Qc7 h3 28. g3 g5 29. Nb3 Rxb3 30. axb3 Kg6 31. d5 cxd5 32. Nb5 d4 33.
Nxd4 1-0

[Event "Early-Titled-Tuesday-Blitz-March-26-2024"]
[Site "Chess.com"]
[Date "2024.03.26"]
[Round "4"]
[White "Taran2004"]
[Black "CrushingKings"]
[Result "0-1"]
[WhiteElo "2399"]
[BlackElo "2573"]
[TimeControl "180+1"]
[EndTime "8:38:04 PDT"]
[Termination "CrushingKings won by resignation"]

1. e4 g6 2. d4 Bg7 3. Nc3 c6 4. Be3 d5 5. e5 f6 6. Nf3 Bg4 7. exf6 Nxf6 8. Be2 Bxf3 9. Bxf3 O-O 10. Qd2 Nbd7 11. O-O-O e5 12. h4 h5 13. Bh6 exd4 14.
Bxg7 Kxg7 15. Qxd4 Qb6 16. Qd2 Ne5 17. Rhe1 Rae8 18.
Na4 Qb5 19. Nc3 Qb6 20. Na4 Qa6 21. Nc3 Nc4 22. Qg5 Qa5 23. a3 Nxa3 24. Nxd5 cxd5 25. Rxe8 Rxe8 26. bxa3 Qxa3+ 27. Kd2 Qb4+ 28. Kc1 Qa3+ 29. Kd2 Re4 30. c3 Qb2+ 31. Kd3 Qxf2 32. Rd2 Qxh4 33.
Qxh4 Rxh4 34. Rb2 b6 35. Ra2 a5 36. Rb2 Nd7 37. Bxd5 Nc5+ 38. Ke3 Na4 39. Rb3 Kf6 40. Bc6 Kg5 41. Bxa4 Rxa4 42. Rxb6 Ra2 43. g3 Kf5 44. c4 Rc2 45. Kd4 g5 46. Rb5+ Kg4 47. Rxa5 Rd2+ 48.
Ke3 Rc2 49. Kd3 Rc1 50. c5 Kxg3 51. c6 Kg4 52. Ra6 h4 53. Kd4 h3 54. Kd5 h2 55.
Ra4+ Kg3 56. Ra3+ Kg2 57. Ra2+ Kg1 58. Rxh2 Kxh2 59. Kd6 g4 60. c7 g3 61. Kd7 g2 62.
c8=Q Rxc8 63. Kxc8 g1=Q 64. Kd7 Qg6 65. Kc7 Qf6 66. Kb7 Qe6 67. Ka7 Qd6 68. Kb7 Qc5 69. Kb8 Qc6 70. Ka7 Qb5 71. Ka8 Kg3 72. Ka7 Kf4 73. Ka8 Ke5 74. Ka7 Kd6 0-1

[Event "Early-Titled-Tuesday-Blitz-March-26-2024"]
[Site "Chess.com"]
[Date "2024.03.26"]
[Round "4"]
[White "sansanathalia"]
[Black "Dewarfd"]
[Result "1-0"]
[WhiteElo "2404"]
[BlackElo "2154"]
[TimeControl "180+1"]
[EndTime "8:38:05 PDT"]
[Termination "sansanathalia won on time"]

1. d4 Nf6 2. Nf3 g6 3. Nbd2 d5 4. e3 Bg7 5. Be2 O-O 6. O-O c5 7. dxc5 Nc6 8. a3 a5 9. Rb1 a4 10. b4 axb3 11. cxb3 Bf5 12. Rb2 Rxa3 13. Nd4 Nxd4 14.
exd4 Ne4 15. Nf3 Nc3 16. Qd2 Nxe2+ 17. Qxe2 Bg4 18. Be3 e5 19. dxe5 d4 20. Bf4 Qd5 21. Qc4 Bxf3 22. gxf3 Qxf3 23. Bg3 Rd8 24. e6 fxe6 25.
Qxe6+ Qf7 26. Qe4 Rxb3 27. Rxb3 Qxb3 28. Rb1 Qd5 29. Qe7 Bf8 30. Qc7 Rd7 31. Qc8 d3 32. Bd6 Rxd6 33. cxd6 d2 34. Qc2 Bh6 35. Rd1 Qxd6 36.
Qc8+ Kf7 37. Qxb7+ Qe7 38. Qf3+ Kg7 39. Kg2 Qg5+ 40. Kh1 Qe7 41. h3 Qe1+ 42. Kg2 1-0

[Event "Early-Titled-Tuesday-Blitz-March-26-2024"]
[Site "Chess.com"]
[Date "2024.03.26"]
[Round "4"]
[White "Matibar"]
[Black "moro182"]
[Result "0-1"]
[WhiteElo "2735"]
[BlackElo "2895"]
[TimeControl "180+1"]
[EndTime "8:38:06 PDT"]
[Termination "moro182 won on time"]

1. e4 g6 2. d4 Bg7 3. Nf3 d6 4. Bc4 Nf6 5. Qe2 O-O 6. h3 c6 7.
Bb3 a5 8. a4 b6 9. c4 e5 10. d5 Ba6 11. Nc3 cxd5 12. exd5 e4 13. Nd2 e3 14. fxe3 Nh5 15. Qf2 Nd7 16. g4 Ne5 17. Bc2 Nf6 18. e4 Nxc4 19. Nxc4 Bxc4 20. Be3 Nd7 21. Bd4 Rc8 22. O-O-O Bxd4 23. Qxd4 Ne5 24.
Kb1 Qd7 25. g5 b5 26. axb5 Bxb5 27. h4 a4 28. Bxa4 Bxa4 29. Qxa4 Qb7 30. Qb5 Qc7 31. Qe2 Ra8 32. h5 Rfb8 33. Rc1 Qa7 34. Kc2 Qb6 35. Kb1 Nc4 36. Kc2 Qb3+ 0-1

[Event "Early-Titled-Tuesday-Blitz-March-26-2024"]
[Site "Chess.com"]
[Date "2024.03.26"]
[Round "4"]
[White "Bauman_Guy"]
[Black "SirStrateg"]
[Result "1-0"]
[WhiteElo "2913"]
[BlackElo "2619"]
[TimeControl "180+1"]
[EndTime "8:38:07 PDT"]
[Termination "Bauman_Guy won by resignation"]

1. e4 d6 2. d4 Nf6 3. Nc3 c6 4. Nf3 Bg4 5. h3 Bh5 6. g4 Bg6 7. Qe2 e6 8. h4 h6 9. Bh3 d5 10.
e5 Ne4 11. h5 Nxc3 12. bxc3 Be4 13. O-O Nd7 14. Bf4 Qa5 15. Qe3 Nb6 16. Nd2 Bxc2 17. Bg3 Qa6 18. f4 Qd3 19. Qxd3 Bxd3 20. Rf3 Bb5 21. f5 exf5 22. gxf5 Be2 23. Rf2 Bxh5 24. e6 Be7 25. Re1 fxe6 26. Rxe6 Kf7 27. f6 Bxf6 28. Be5 Raf8 29. Nb3 Nd7 30. Rd6 Nxe5 31. dxe5 Ke7 32. Re6+ Kd8 33. exf6 Rxf6 34. Rfxf6 gxf6 35. Rxf6 Be8 36.
Nc5 b6 37. Ne6+ Ke7 38. Rf3 Rg8+ 39. Kh2 Rg6 40. Re3 Kf7 41. Nc7 Rg8 42. Be6+ 1-0

[Event "Early-Titled-Tuesday-Blitz-March-26-2024"]
[Site "Chess.com"]
[Date "2024.03.26"]
[Round "4"]
[White "PierrotFace"]
[Black "arnash_bauyrzhan"]
[Result "1-0"]
[WhiteElo "2513"]
[BlackElo "2354"]
[TimeControl "180+1"]
[EndTime "8:38:08 PDT"]
[Termination "PierrotFace won on time"]

1. e4 c5 2. Nf3 e6 3. d4 cxd4 4. Bg5 Be7 5. Bxe7 Nxe7 6. Qxd4 O-O 7. Qd6 Qb6 8. Qxb6 axb6 9. Nc3 Nbc6 10. a3 f5 11.
exf5 Nxf5 12. O-O-O d5 13. Bd3 Na5 14. Rhe1 Nd6 15.
Nd4 Rxf2 16. Nxe6 Bxe6 17. Rxe6 Ndc4 18. Nxd5 Kf7 19. Re7+ Kf8 20. Rc7 Ne5 21. Nxb6 Rd8 22. Rc8 Rxc8 23. Nxc8 Rxg2 24. Rf1+ Ke8 25. Nd6+ Kd7 26.
Be4 Rxh2 27. Nxb7 Nxb7 28. Bxb7 g5 29. Rf5 Nc4 30. Rc5 Nd6 31. Bc6+ Kc7 32. Bf3+ Kb6 33. Rxg5 Rf2 34. Bd5 1-0

[Event "Early-Titled-Tuesday-Blitz-March-26-2024"]
[Site "Chess.com"]
[Date "2024.03.26"]
[Round "4"]
[White "Tugrik1969"]
[Black "erugee"]
[Result "1-0"]
[WhiteElo "2493"]
[BlackElo "2329"]
[TimeControl "180+1"]
[EndTime "8:38:08 PDT"]
[Termination "Tugrik1969 won by resignation"]

1. d4 d5 2. Nf3 e6 3. c4 c6 4.
g3 f5 5. Bg2 Nf6 6. O-O Be7 7.
Qc2 O-O 8. Nbd2 Bd7 9. Ne5 Be8 10. Ndf3 h6 11. cxd5 cxd5 12. Bf4 Nc6 13. Nxc6 Bxc6 14. Ne5 Be8 15. Qb3 Qb6 16. Rfc1 g5 17. Be3 Qxb3 18. axb3 Bd6 19. Nd3 Bb5 20. Rc2 Bxd3 21. exd3 a6 22. Rac1 Kf7 23. h4 Rg8 24. hxg5 hxg5 25.
Bd2 Ke7 26. Ba5 Kd7 27. Bd2 Nh7 28. Kf1 Rac8 29. Rc3 Rxc3 30. bxc3 Nf6 31. c4 Rc8 32. Ke2 f4 33. gxf4 Bxf4 34. Bxf4 gxf4 35. Bf3 Kd6 36. Rg1 Rg8 37. Rh1 e5 38. Rh6 Rf8 39. Bxd5 exd4 40. Kf3 Ke5 41. Bxb7 a5 42. c5 Kf5 43. c6 Kg5 44. Rxf6 Kxf6 45. c7 Ke5 46. c8=Q Rxc8 47. Bxc8 1-0

[Event "Early-Titled-Tuesday-Blitz-March-26-2024"]
[Site "Chess.com"]
[Date "2024.03.26"]
[Round "4"]
[White "GMKrikor"]
[Black "yuriydovzik"]
[Result "1-0"]
[WhiteElo "2889"]
[BlackElo "2121"]
[TimeControl "180+1"]
[EndTime "8:38:10 PDT"]
[Termination "GMKrikor won on time"]

1. Nf3 g6 2. e4 c6 3. d4 Na6 4. c4 Bg7 5. Nc3 d6 6. h3 h5 7. Be2 Nc7 8. Be3 e6 9. Qd2 d5 10. e5 Bh6 11. O-O Kf8 12. b3 Kg7 13. Rac1 Bxe3 14.
Qxe3 Nh6 15. Qf4 Nf5 16. Bd3 Bd7 17. Rfe1 h4 18. Na4 Qe7 19. Nc5 Bc8 20. Bxf5 gxf5 21. Na4 Rh6 22. Nc3 Bd7 23. Ne2 Rah8 24. Qg5+ Kf8 25.
Qxe7+ Kxe7 26. Nf4 Rg8 27. a4 a5 28. Rc3 Na6 29. Rb1 Nb4 30. Ne1 b6 31. Ned3 Rc8 32.
Nxb4 axb4 33. Rc2 Rhh8 34. Rbc1 Rhg8 35. Kf1 Rgd8 36. Ke2 Rg8 37. Ke3 Rgd8 38. cxd5 exd5 39. Nd3 1-0

[Event "Early-Titled-Tuesday-Blitz-March-26-2024"]
[Site "Chess.com"]
[Date "2024.03.26"]
[Round "4"]
[White "MVM2008"]
[Black "RianKapriaga"]
[Result "0-1"]
[WhiteElo "2473"]
[BlackElo "2340"]
[TimeControl "180+1"]
[EndTime "8:38:11 PDT"]
[Termination "RianKapriaga won by checkmate"]

1. e4 c6 2. d4 d5 3. Bf4 dxe4 4. Nc3 Nf6 5. f3 exf3 6. Nxf3 Bg4 7. Bd3 e6 8. h3 Bh5 9. g4 Bg6 10. Ne5 Bb4 11. a3 Ba5 12. h4 Qxd4 13. Nxg6 hxg6 14. Qd2 Nbd7 15. b4 Bb6 16. a4 Ne5 17. Rh3 Qg1+ 18. Bf1 Rd8 19. Qe2 Nexg4 20. Bg3 Rh5 21. a5 Bd4 22. Ra3 Ne3 23. Ne4 Nxf1 24. Rd3 Nxg3+ 25. Kd2 Nxe2 26. Kxe2 Nxe4 27. Rxd4 Qf2+ 28. Kd1 Qxd4+ 29. Kc1 Qd1+ 30. Kb2 Qd2 31. Rh2 Qxb4+ 32. Kc1 Rxa5 33. c3 Ra1+ 34. Kc2 Qb1# 0-1

[Event "Early-Titled-Tuesday-Blitz-March-26-2024"]
[Site "Chess.com"]
[Date "2024.03.26"]
[Round "4"]
[White "stratacticos"]
[Black "gpsji27"]
[Result "0-1"]
[WhiteElo "1864"]
[BlackElo "2356"]
[TimeControl "180+1"]
[EndTime "8:38:11 PDT"]
[Termination "gpsji27 won by resignation"]

1. b4 e5 2. Bb2 d6 3. c4 f5 4. e3 Nf6 5. Be2 Be7 6. d4 O-O 7.
dxe5 dxe5 8. c5 Nbd7 9. Bc4+ Kh8 10. Ne2 a5 11. a3 axb4 12. axb4 Rxa1 13. Bxa1 b6 14.
c6 Bxb4+ 15. Kf1 Nc5 16. Qxd8 Rxd8 17. g3 f4 18. Nec3 Bh3+ 19. Ke2 Bg2 20. Rc1 f3+ 21.
Ke1 Nfe4 22. Rd1 Rxd1+ 23. Kxd1 Nxf2+ 24. Kc2 Nfd3 25. Nd1 f2 26. Nxf2 Nxf2 27. Bxe5 Be4+ 28. Kb2 Nfd3+ 29. Ka2 Nxe5 30. Be2 Bxb1+ 31. Kxb1 Ne4 32. Ba6 Bc5 33. Kc2 Bxe3 0-1

[Event "Early-Titled-Tuesday-Blitz-March-26-2024"]
[Site "Chess.com"]
[Date "2024.03.26"]
[Round "4"]
[White "maurovargas01"]
[Black "HanSchut"]
[Result "0-1"]
[WhiteElo "1842"]
[BlackElo "2262"]
[TimeControl "180+1"]
[EndTime "8:38:11 PDT"]
[Termination "HanSchut won on time"]

1. e4 c5 2. Nc3 Nc6 3. f4 g6 4.
Nf3 Bg7 5. d3 e6 6. g3 Nge7 7.
Bg2 O-O 8. O-O Rb8 9. Ne2 d5 10. e5 h5 11. c3 d4 12. c4 Nf5 13. Ng5 Bd7 14. h3 b5 15. g4 hxg4 16. hxg4 Ne3 17.
Bxe3 dxe3 18. Qe1 Nd4 19. Nxd4 cxd4 20. Qh4 Re8 21. Qh7+ Kf8 22. Qh4 bxc4 23. Nh7+ Kg8 24. g5 Rxb2 25. Nf6+ Kf8 26. dxc4 Rxg2+ 27. Kxg2 Bc6+ 28.
Kg3 d3 29. Rfd1 e2 30. Rd2 Qd4 31. Nh7+ Ke7 32. Kg4 Rh8 0-1

[Event "Early-Titled-Tuesday-Blitz-March-26-2024"]
[Site "Chess.com"]
[Date "2024.03.26"]
[Round "4"]
[White "YoreDea"]
[Black "RamonManon0g"]
[Result "1/2-1/2"]
[WhiteElo "2518"]
[BlackElo "2386"]
[TimeControl "180+1"]
[EndTime "8:38:14 PDT"]
[Termination "Game drawn by repetition"]

1. e4 c5 2. d3 d6 3. g3 Nc6 4. Bg2 Nf6 5. Ne2 e5 6. c3 Be7 7. O-O O-O 8. h3 d5 9. exd5 Nxd5 10. Nd2 Bf5 11. Nc4 Nb6 12. Bxc6 bxc6 13. Nxe5 Bxh3 14. Nxc6 Qc7 15. Nxe7+ Qxe7 16. Re1 Rfe8 17. Be3 g5 18. Kh2 Bg4 19. Qd2 f6 20. Ng1 Qd6 21. f3 Bf5 22. Bf2 Qxd3 23. Qxd3 Bxd3 24. Bxc5 Na4 25. Bd4 Nxb2 26.
Bxf6 h6 27. Bd4 Bc4 28. Rxe8+ Rxe8 29. Bxa7 Ra8 30. Bd4 Rxa2 31. Rxa2 Bxa2 32. Kg2 Kf7 33. Nh3 Bd5 34. Nf2 Nc4 35. Ng4 h5 36. Nf6 Bc6 37. Nxh5 g4 38. Kf2 gxf3 39. Nf6 Nb2 40. Ng4 Nd3+ 41. Kf1 Bb5 42. Kg1 Ke6 43. Nf2 Nc1 44. g4 Ne2+ 45. Kh2 Kd5 46. g5 Nxd4 47. cxd4 Kxd4 48.
g6 Ke3 49. Kg3 Bc4 50. g7 Bg8 51. Nh3 Ke2 52. Nf2 Ke3 53. Ng4+ Ke2 54. Nf2 Bf7 55.
Ne4 Bg8 56. Nf2 1/2-1/2

[Event "Early-Titled-Tuesday-Blitz-March-26-2024"]
[Site "Chess.com"]
[Date "2024.03.26"]
[Round "4"]
[White "GlavkonVVS"]
[Black "alexrustemov"]
[Result "0-1"]
[WhiteElo "2642"]
[BlackElo "2940"]
[TimeControl "180+1"]
[EndTime "8:38:15 PDT"]
[Termination "alexrustemov won by checkmate"]

1. c4 c5 2. Nc3 g6 3. g3 Bg7 4.
Bg2 Nc6 5. Nf3 b6 6. O-O Bb7 7. e3 Bxc3 8. bxc3 d6 9. d3 Qc7 10. e4 Nf6 11. a4 h6 12. h3 Nd7 13. Be3 g5 14. Nd2 O-O-O 15. Nb3 a5 16. d4 Ba6 17.
Qe2 e5 18. Rfc1 Rhe8 19. Qh5 Bxc4 20. Rab1 f6 21. Nd2 Ba6 22. Qxh6 Rh8 23. Qg7 Rdf8 24. d5 Nd8 25. Bf1 Bxf1 26. Kxf1 Rxh3 27. Nc4 Rfh8 28. Ke2 Nb7 29. Rb5 Rh1 30. Rcb1 Qd8 31. Nxb6+ Nxb6 32. Rxb6 R8h7 33. Rxb7 Rxb1 34. Rb8+ Kxb8 35.
Qxh7 Rb7 36. Qf5 Ka7 37. f4 gxf4 38. gxf4 Qe7 39. Kd3 Rc7 40. c4 Qg7 41. Qe6 Qe7 42.
Qg8 Qd7 43. Qf8 Rb7 44. Qxf6 Qxa4 45. Qxd6 Qd1+ 46. Bd2 Rb3# 0-1

[Event "Early-Titled-Tuesday-Blitz-March-26-2024"]
[Site "Chess.com"]
[Date "2024.03.26"]
[Round "4"]
[White "Iskusnyh"]
[Black "FlemingA"]
[Result "0-1"]
[WhiteElo "2636"]
[BlackElo "2442"]
[TimeControl "180+1"]
[EndTime "8:38:15 PDT"]
[Termination "FlemingA won on time"]

1. d4 Nf6 2. c4 g6 3. g3 Bg7 4. Bg2 O-O 5. Nc3 d6 6. Nf3 Nbd7 7.
O-O c6 8. e4 e5 9. Be3 exd4 10.
Nxd4 Re8 11. h3 Qa5 12. Nb3 Qa6 13. Qxd6 Qxc4 14. Rfd1 Qe6 15. f4 Qxd6 16. Rxd6 h5 17. e5 Nh7 18. Rad1 Ndf8 19. Bf2 g5 20. Na5 Ng6 21.
Rxg6 fxg6 22. Ne4 Bf5 23. Nxb7 Rab8 24. Ned6 Re7 25. Bxc6 h4 26. g4 Bd7 27. Bxa7 Bxc6 28. Bxb8 Bxb7 29. Nxb7 Rxb7 30. e6 Rxb8 31. f5 gxf5 32.
gxf5 Bxb2 33. Rd7 Nf6 34. Rf7 Rb5 35. a4 Rxf5 36. Rb7 Bd4+ 0-1

[Event "Early-Titled-Tuesday-Blitz-March-26-2024"]
[Site "Chess.com"]
[Date "2024.03.26"]
[Round "4"]
[White "GeorgiosSouleidis"]
[Black "The_Straightforward_Rook"]
[Result "1-0"]
[WhiteElo "2617"]
[BlackElo "2412"]
[TimeControl "180+1"]
[EndTime "8:38:15 PDT"]
[Termination "GeorgiosSouleidis won by resignation"]

1. e4 c6 2. Nc3 d5 3. Nf3 dxe4 4. Nxe4 Nf6 5. Qe2 Nxe4 6. Qxe4 Qd5 7. Qh4 Qe6+ 8. Be2 Qg4 9. Qg3 Qxg3 10. hxg3 g6 11. d4 Bf5 12. c3 Nd7 13. a4 h5 14. a5 Bg7 15. Bg5 Nf6 16. O-O a6 17. Rfe1 O-O 18. Bf1 Rfe8 19. Ra3 Rad8 20. Rb3 Bc8 21. Ra3 Kf8 22.
Raa1 Nd5 23. Rad1 f6 24. Bc1 Bg4 25. Bd2 Nc7 26. Bf4 Nd5 27. Bd2 Nc7 28. Ra1 Bxf3 29. gxf3 e5 30. Be3 Nd5 31. dxe5 Nxe3 32. Rxe3 Rxe5 33. Rxe5 fxe5 34. Ra3 Ke7 35. Rb3 Rd7 36. Bh3 Rc7 37. Kf1 Kd6 38. Ke2 g5 39. Bf5 Bf6 40. Ke3 h4 41. Ra3 Bd8 42. Ra1 Rf7 43. Ke4 Bf6 44. Bg4 Kc7 45. Rd1 b6 46. axb6+ Kxb6 47. Kf5 Be7+ 48. Ke6 Bc5 49. Kxf7 1-0

[Event "Early-Titled-Tuesday-Blitz-March-26-2024"]
[Site "Chess.com"]
[Date "2024.03.26"]
[Round "4"]
[White "Charodej1"]
[Black "Chxss_Khxsbu"]
[Result "0-1"]
[WhiteElo "2429"]
[BlackElo "1780"]
[TimeControl "180+1"]
[EndTime "8:38:15 PDT"]
[Termination "Chxss_Khxsbu won by checkmate"]

1. e4 e5 2. Nf3 Nf6 3. Nc3 Bb4 4. Bc4 O-O 5. O-O d6 6. d3 Bg4 7. h3 Bh5 8. a3 Bxc3 9. bxc3 Nbd7 10. Be3 h6 11. Rb1 b6 12. Qe2 c6 13. Bd2 d5 14.
Ba2 dxe4 15. dxe4 Nc5 16. g4 Bg6 17. Nxe5 Bxe4 18. Be3 Na4 19. Qc4 b5 20. Qb3 Qe7 21. Nd3 Bd5 22. Qb4 c5 23. Bxc5 Nxc5 24. Bxd5 Nxd5 25.
Qxc5 Qxc5 26. Nxc5 Nxc3 27. Rb3 Ne2+ 28. Kg2 a6 29. Ne4 Nd4 30. Rb2 Rac8 31. c3 Ne6 32. f4 Nc5 33. Nd6 Rc6 34. Nf5 Nd3 35. Ne7+ Kh8 36.
Rd2 Rxc3 37. Rf3 Rd8 38. Kf1 Rxa3 39. Nc6 Ra1+ 40. Ke2 Re1# 0-1

[Event "Early-Titled-Tuesday-Blitz-March-26-2024"]
[Site "Chess.com"]
[Date "2024.03.26"]
[Round "4"]
[White "AryanTari"]
[Black "Stanbad1"]
[Result "1-0"]
[WhiteElo "3001"]
[BlackElo "2653"]
[TimeControl "180+1"]
[EndTime "8:38:16 PDT"]
[Termination "AryanTari won by resignation"]

1. Nf3 Nf6 2. d4 e6 3. c4 d5 4. g3 Bb4+ 5. Bd2 Be7 6. Bg2 O-O 7. O-O c6 8. Qb3 Nbd7 9. Bb4 a5 10. Bxe7 Qxe7 11. Nbd2 a4 12. Qc2 b6 13. e4 Bb7 14. e5 Ne8 15. h4 h6 16. Rfe1 Nc7 17. b3 axb3 18. axb3 c5 19. cxd5 Bxd5 20. Ne4 Nb5 21. Qd3 Nxd4 22. Nxd4 cxd4 23. Qxd4 Nc5 24. Nf6+ Kh8 25. Nxd5 exd5 26. Rxa8 Rxa8 27. Bxd5 Rd8 28. Qc4 Ne6 29. Bxe6 Qxe6 30. Qxe6 fxe6 31. Re4 Rd5 32. h5 Kg8 33. Kg2 Kf7 34. b4 Ke7 35. Kh3 Rd2 36. f3 Rd3 37. Kg4 Rb3 38. f4 Kf7 39. Rc4 Rb1 40.
Rc7+ Kf8 41. Rc6 Rxb4 42. Rxe6 Kf7 43. Kf5 Rb3 44. g4 b5 45. Rb6 Rb1 46. Rb7+ Kf8 47.
Ke6 1-0

[Event "Early-Titled-Tuesday-Blitz-March-26-2024"]
[Site "Chess.com"]
[Date "2024.03.26"]
[Round "4"]
[White "Kunalm64"]
[Black "AA95"]
[Result "1/2-1/2"]
[WhiteElo "2633"]
[BlackElo "2477"]
[TimeControl "180+1"]
[EndTime "8:38:16 PDT"]
[Termination "Game drawn by repetition"]

1. e4 c5 2. Nf3 d6 3. Bb5+ Nd7 4.
d4 cxd4 5. Qxd4 a6 6. Bxd7+ Qxd7 7. c4 b5 8. O-O Bb7 9. Nc3 e5 10. Qd3 bxc4 11. Qxc4 Rc8 12. Qd3 Nf6 13. Bg5 Rxc3 14. Qxc3 Nxe4 15. Qe3 h6 16. Bh4 g5 17. Bg3 f5 18. Nxe5 dxe5 19. Bxe5 Bc5 20. Qb3 Nd2 21. Qh3 Nxf1 22. Bxh8 Nd2 23. Qxh6 Qd5 24. Re1+ Kd7 25. Qxg5 Bxf2+ 26. Kxf2 Ne4+ 27. Rxe4 Qxe4 28. Bc3 f4 29. Qg7+ Kc8 30. Qf8+ Kd7 31. Qf7+ Kc8 32. Qg8+ Kd7 33. Qg4+ Kc7 34. Qg7+ Kc8 35. Qh8+ Kd7 36. Qg7+ Kc8 1/2-1/2

[Event "Early-Titled-Tuesday-Blitz-March-26-2024"]
[Site "Chess.com"]
[Date "2024.03.26"]
[Round "4"]
[White "Brahianzevich"]
[Black "pfalcon1949"]
[Result "1-0"]
[WhiteElo "2451"]
[BlackElo "2054"]
[TimeControl "180+1"]
[EndTime "8:38:16 PDT"]
[Termination "Brahianzevich won by checkmate"]

1. e4 e6 2. d4 d5 3. Nc3 Bb4 4. e5 Ne7 5. a3 Bxc3+ 6. bxc3 c5 7. h4 Qc7 8. h5 h6 9. Rb1 b6 10. Bb5+ Bd7 11. Bd3 c4 12. Be2 Ba4 13. Rh3 Nbc6 14. Qd2 O-O-O 15. Bd1 Rdf8 16. Qf4 f6 17. exf6 Rxf6 18.
Qxc7+ Kxc7 19. Ne2 Rhf8 20. f3 e5 21. dxe5 Nxe5 22. Nd4 N7c6 23. Rg3 R8f7 24. Be3 Nxd4 25. Bxd4 Re6 26. Kd2 Ree7 27. Be2 Nc6 28. Re1 Nxd4 29.
cxd4 Re6 30. Bd1 Rxe1 31. Kxe1 Re7+ 32. Kd2 a5 33. Rg6 Bc6 34. c3 b5 35. g4 Kb7 36.
f4 Be8 37. Rd6 Bc6 38. g5 Re4 39. Rg6 Rxf4 40. Rxg7+ Kb6 41. gxh6 Rf6 42. Rg6 Rf7 43. Bg4 Rh7 44. Bf5 Rh8 45. Rf6 Kc7 46. h7 b4 47.
axb4 axb4 48. cxb4 Ba4 49. Kc3 Bd1 50. Bg6 Bg4 51. Rf7+ Kd6 52. Rg7 Bxh5 53. Rg8 Bxg6 54. Rxh8 Bxh7 55. Rxh7 Kc6 56. Rh6+ Kb5 57. Rd6 Ka4 58.
Rxd5 Ka3 59. Ra5# 1-0

[Event "Early-Titled-Tuesday-Blitz-March-26-2024"]
[Site "Chess.com"]
[Date "2024.03.26"]
[Round "4"]
[White "Bykov_Egor"]
[Black "Hikaru"]
[Result "0-1"]
[WhiteElo "2655"]
[BlackElo "3267"]
[TimeControl "180+1"]
[EndTime "8:38:18 PDT"]
[Termination "Hikaru won by resignation"]

1. e4 c6 2. d4 d5 3. e5 Bf5 4.
h4 h5 5. c4 e6 6. Nc3 dxc4 7.
Bxc4 Nd7 8. Nge2 Nb6 9. Bb3 Ne7 10. Bg5 Qd7 11. Ng3 Bg6 12. Qd2 Nf5 13. Nge2 Be7 14. Bxe7 Qxe7 15. g3 O-O-O 16. Bc2 Nc4 17. Qf4 Nxb2 18.
O-O Nxh4 19. Rfc1 Nf5 20. d5 Qa3 21. dxc6 bxc6 22. Bxf5 Bxf5 23. Nb5 Qa4 24. Rxc6+ Kb8 25. Ned4 Rd5 26. Rd6 Rxb5 27. Nxb5 Qxb5 28. Rd4 Nd3 29.
Qe3 Rc8 30. a4 Qb7 31. Rxd3 Bxd3 32. Qxd3 Ka8 33. Rb1 Qc6 34. a5 g5 35. a6 h4 36.
Rb7 h3 37. f3 g4 38. Qe4 Qc1+ 39. Kf2 Rc2+ 40. Qxc2 Qxc2+ 41. Ke3 Qc3+ 42. Kf4 Qxf3+ 43. Kg5 Qxb7 0-1